 Dungeon Sprint DCSS version 0.18.1-48-g4cf74bf (webtiles) character file.

4597 Groucho the Basher (level 10, -13/89 HPs)
             Began as a Formicid Fighter on June 28, 2016.
             Drowned by a water elemental (20 damage)
             ... in the Dungeon (Sprint V: "Ziggurat Sprint").
             The game lasted 00:02:56 (421 turns).

Groucho the Basher (Formicid Fighter)                Turns: 421, Time: 00:02:57

Health: -13/89     AC: 30    Str: 33    XL:     10   Next: 69%
Magic:  10/10      EV:  3    Int:  8    God:
Gold:   0          SH: 32    Dex: 13    Spells: 0 memorised, 9 levels left

rFire  . . .     SeeInvis +     a - +10 dark maul {crush}
rCold  . . .     Gourm    .     b - +15 Maxwell's patent armour {-Cast -Tele rElec MR+ rCorr}
rNeg   + . .     Faith    .     c - +18 shield of the gong {rElec rN+ MR+ EV-5}
rPois  .         Spirit   .     (helmet unavailable)
rElec  +         Dismiss  .     (no cloak)
rCorr  +         Reflect  .     (no gloves)
SustAt .         Harm     .     (no boots)
MR     +++..     NoCast   +     K - amulet of regeneration
Stlth  ..........               J - +6 ring of strength
                                I - +6 ring of strength

@: engulfed (cannot breathe), extremely resistant to hostile enchantments,
extremely unstealthy
A: permanent stasis, dig shafts and tunnels, four strong arms, antennae 3
a: Dig


You were in the Dungeon.
You were not hungry.

You visited 1 branch

Inventory:

Hand Weapons
 a - the +10 dark maul (weapon) {crush}
   (You found it in the Dungeon)

   It inflicts extra damage upon your enemies.
Armour
 b - the +15 Maxwell's patent armour (worn) {-Cast -Tele rElec MR+ rCorr}
   (You found it in the Dungeon)

   It insulates you from electricity.
   It affects your resistance to hostile enchantments.
   It prevents spellcasting.
   It prevents most forms of teleportation.
   It protects you from acid and corrosion.
 c - the +18 shield of the gong (worn) {rElec rN+ MR+ EV-5}
   (You found it in the Dungeon)

   It affects your evasion (-5).
   It insulates you from electricity.
   It protects you from negative energy.
   It affects your resistance to hostile enchantments.
 l - a +5 gold dragon armour
Jewellery
 E - a +6 ring of dexterity
 F - a +6 ring of dexterity
 G - a +6 ring of intelligence
 H - a +6 ring of intelligence
 I - a +6 ring of strength (left hand)
 J - a +6 ring of strength (right hand)
 K - an amulet of regeneration (around neck)
Wands
 y - a wand of disintegration (7/24)
 B - a wand of iceblast (5/15)
 C - a wand of lightning (5/15)
 D - a wand of acid (5/15)
Scrolls
 k - 4 scrolls of blinking
 o - 4 scrolls of amnesia
 p - 3 scrolls of recharging
 q - 7 scrolls of fog
 r - a scroll of holy word
 s - 5 scrolls of identify
 t - 5 scrolls of remove curse
 u - 2 scrolls of fear
Potions
 d - 6 potions of might
 e - 10 potions of curing
 g - 10 potions of heal wounds
 h - 6 potions of haste
 i - 7 potions of magic
 j - 3 potions of berserk rage
 v - 2 potions of brilliance
 w - 2 potions of invisibility
 x - 4 potions of resistance
 z - a potion of experience
 A - 5 potions of agility
Comestibles
 f - 5 bread rations
 m - 42 fruits
 n - 4 meat rations
 L - 3 royal jellies


   Skills:
 + Level 12.2 Fighting
 * Level 14.8 Maces & Flails
 + Level 12.2 Armour
 + Level 13.2 Shields


You had 9 spell levels left.
You didn't know any spells.

Dungeon Overview and Level Annotations

Branches:
Dungeon (1/1)

Altars:
Ashenzari
Cheibriados
Dithmenos
Elyvilon
Fedhas
Gozag
Kikubaaqudgha
Makhleb
Nemelex Xobeh
Okawaru
Pakellas
Qazlal
Ru
Sif Muna
Trog
Vehumet
Xom
Yredelemnul
Zin
The Shining One
Beogh
Jiyva
Lugonu


Innate Abilities, Weirdness & Mutations

You are under a permanent stasis effect.
You can dig through walls and to a lower floor.
Your four strong arms can wield two-handed weapons with a shield.
You have a pair of large antennae on your head (SInv).


Message History

You are too injured to fight recklessly!
You are too injured to fight recklessly!
You flatten the deep elf mage like a pancake!!!!
You kill the deep elf mage!
Your Fighting skill increases to level 12!
Your Armour skill increases to level 12!
Your Shields skill increases to level 13!
* * * LOW HITPOINT WARNING * * *
Your lungs strain for air!
You block the water elemental's attack.
GONNNNG!
You block the deep elf mage's attack.
GONNNNG!
The water elemental hits you. You block the deep elf mage's attack.
BONNNG!
Unknown command.
Unknown command.
You pound the deep elf mage like an anvil!!!!
You kill the deep elf mage!
You die...

▓▓▓▓▓▓▓▓▓▓▓▓▓▓▓▓▓▓▓
▓...8©8...▓..8©8..▓
▓..)[:}...▓..|))..▓
▓...:||...▓..|:=..▓
▓.....§...▓.......▓
▓...§§..*.▓..)....▓
▓.........▓..)))..▓
▓...E))...▓..[.)..▓
▓.▓.)@).▓.▓.▓...▓.▓
▓.........▓.......▓
▓▓▓▓▓▓▓▓▓▓▓▓▓▓▓▓▓▓▓
▓..8©8..▓


{{{{{ ▓..}:[..▓ {{{ ▓..)|)..▓ ▓.......▓ ▓.......▓ ▓....)..▓ You could see a
water elemental and a battlesphere.

Vanquished Creatures
  5 deep elf magi (D)
  4 toenail golems (D)
  A gargoyle (D)
  An air elemental (D)
  A porcupine (D)
  An orc warrior (D)
  A phantom (D)
  3 necrophages (D)
  2 wolves (D)
  An earth elemental (D)
  A crimson imp (D)
  A quasit (D)
  3 orc priests (D)
  A sheep (D)
  A river rat (D)
  An adder zombie (D)
  2 orcs (D)
  2 bat skeletons (D)
  3 jackals (D)
  A giant cockroach zombie (D)
36 creatures vanquished.

Notes
Turn   | Place    | Note
--------------------------------------------------------------
     0 | D        | Groucho the Formicid Fighter began the quest for the Orb.
     0 | D        | Reached XP level 1. HP: 18/18 MP: 1/1
     5 | D        | Found an iron altar of Okawaru.
     5 | D        | Found a burning altar of Makhleb.
     5 | D        | Found a radiant altar of Vehumet.
     5 | D        | Found a deep blue altar of Sif Muna.
     5 | D        | Found a shimmering altar of Xom.
     5 | D        | Found a bloodstained altar of Trog.
     8 | D        | Found a corrupted altar of Lugonu.
     8 | D        | Found a roughly hewn altar of Beogh.
     8 | D        | Found a white marble altar of Elyvilon.
     8 | D        | Found a viscous altar of Jiyva.
     8 | D        | Found a sparkling altar of Nemelex Xobeh.
    63 | D        | Entered arena 1.
    63 | D        | Noticed a crimson imp
    63 | D        | Noticed a quasit
    67 | D        | Killed a quasit
    67 | D        | Reached skill level 4 in Maces & Flails
    67 | D        | Reached XP level 2. HP: 23/26 MP: 2/2
    67 | D        | Reached XP level 3. HP: 27/31 MP: 3/3
    72 | D        | Reached skill level 5 in Fighting
    72 | D        | Reached skill level 5 in Maces & Flails
    72 | D        | Reached skill level 5 in Armour
    72 | D        | Reached skill level 5 in Shields
    72 | D        | Reached XP level 4. HP: 36/39 MP: 4/4
    93 | D        | Entered arena 2.
    93 | D        | Noticed a porcupine
    96 | D        | Killed a porcupine
    96 | D        | Reached skill level 6 in Maces & Flails
    96 | D        | Reached XP level 5. HP: 46/46 MP: 5/5
    98 | D        | Reached skill level 7 in Maces & Flails
   112 | D        | Entered arena 3.
   112 | D        | Noticed a necrophage
   112 | D        | Noticed a necrophage
   118 | D        | Killed a necrophage
   118 | D        | Reached skill level 8 in Maces & Flails
   118 | D        | Reached XP level 6. HP: 53/53 MP: 6/6
   119 | D        | Killed a necrophage
   127 | D        | Entered arena 4.
   127 | D        | Noticed a phantom
   127 | D        | Noticed a necrophage
   130 | D        | Killed a phantom
   130 | D        | Reached skill level 9 in Maces & Flails
   130 | D        | Reached XP level 7. HP: 61/61 MP: 7/7
   144 | D        | Entered arena 5.
   145 | D        | Reached skill level 10 in Maces & Flails
   150 | D        | Reached XP level 8. HP: 68/69 MP: 8/8
   160 | D        | Entered arena 6.
   172 | D        | Reached skill level 10 in Shields
   395 | D        | Entered arena 7.
   395 | D        | Noticed a toenail golem
   395 | D        | Noticed a gargoyle
   395 | D        | Noticed a toenail golem
   395 | D        | Noticed a toenail golem
   395 | D        | Noticed a toenail golem
   398 | D        | Killed a toenail golem
   398 | D        | Reached skill level 11 in Maces & Flails
   399 | D        | Killed a toenail golem
   399 | D        | Reached skill level 10 in Fighting
   399 | D        | Reached skill level 12 in Maces & Flails
   399 | D        | Reached skill level 10 in Armour
   399 | D        | Reached XP level 9. HP: 78/78 MP: 9/9
   400 | D        | Killed a toenail golem
   401 | D        | Killed a toenail golem
   402 | D        | Killed a gargoyle
   402 | D        | Reached skill level 13 in Maces & Flails
   412 | D        | Entered arena 8.
   412 | D        | Noticed a deep elf mage
   412 | D        | Noticed a deep elf mage
   412 | D        | Noticed a deep elf mage
   412 | D        | Noticed a deep elf mage
   412 | D        | Noticed a deep elf mage
   415 | D        | Killed a deep elf mage
   415 | D        | Reached XP level 10. HP: 82/88 MP: 10/10
   416 | D        | Killed a deep elf mage
   416 | D        | Reached skill level 14 in Maces & Flails
   418 | D        | Killed a deep elf mage
   420 | D        | Killed a deep elf mage
   421 | D        | Killed a deep elf mage
   421 | D        | Drowned by a water elemental

Skill      XL: |  1  2  3  4  5  6  7  8  9 10 |
---------------+-------------------------------+-----
Fighting       | 4 5 6 7 8 10 11 12 | 12.2
Maces & Flails | 4 5 6 8 9 10 12 13 14 | 14.8
Armour         | 4 5 6 7 8 10 11 12 | 12.2
Shields        | 4 5 6 7 8 9 11 12 13 | 13.2

Action                   |  1- 3 |  4- 6 |  7- 9 | 10-12 || total
-------------------------+-------+-------+-------+-------++-------
Melee: Maul              |     5 |    18 |    31 |     6 ||    60
Armor: Plate armour      |    12 |    31 |    66 |    15 ||   124
Dodge: Dodged            |       |     6 |     9 |       ||    15
Block: Shield            |    13 |    46 |    98 |    20 ||   177
